 Dungeon Sprint DCSS version 0.21-a0-401-g0b6bec4 (webtiles) character file.

6 theanonym the Firebug (level 1, 0/12 HPs)
             Began as a Deep Elf Fire Elementalist on Oct 21, 2017.
             Slain by a scorpion (2 damage)
             ... in the Dungeon (Sprint IX: "|||||||||||||||||||||||||||||").
             The game lasted 00:00:39 (35 turns).

theanonym the Firebug (Deep Elf Fire Elementalist)    Turns: 35, Time: 00:00:39

Health: 0/12       AC:  2    Str:  5    XL:     1   Next: 75%
Magic:  1/7        EV: 13    Int: 19    God:
Gold:   0          SH:  0    Dex: 15    Spells: 6/7 levels left

rFire    . . .     SeeInvis .   j - +0 club
rCold    . . .     Gourm    .   (no shield)
rNeg     . . .     Faith    .   a - +0 robe
rPois    .         Spirit   .   (no helmet)
rElec    .         Reflect  .   (no cloak)
rCorr    .         Harm     .   (no gloves)
MR       .....     NoTele   +   (no boots)
Stlth    ++........             (no amulet)
HPRegen  0.04/turn              (no ring)
MPRegen  0.10/turn              (no ring)

@: no status effects
A: no striking features
a: no special abilities


You were in the Dungeon.
You were not hungry.

You visited 1 branch

Inventory:

Hand Weapons
 j - a +0 club (weapon)
   (You took it off a hobgoblin in the Dungeon)
Missiles
 l - 4 stones (quivered)
Armour
 a - a +0 robe (worn)
Scrolls
 i - a scroll of blinking
Potions
 d - a potion of curing
 e - a potion of heal wounds
 f - a potion of haste
 g - 2 potions of magic
 h - a potion of berserk rage
Books
 b - a book of Flames

   Spells                             Type                      Level
   a - Flame Tongue                   Conjuration/Fire             1
   b - Throw Flame                    Conjuration/Fire             2
   c - Conjure Flame                  Conjuration/Fire             3
   d - Inner Flame                    Hexes/Fire                   3
   e - Sticky Flame                   Conjuration/Fire             4
   f - Fireball                       Conjuration/Fire             5
Comestibles
 c - a bread ration


   Skills:
 + Level 1.0 Fighting
 + Level 3.1 Dodging
 - Level 2.4 Stealth
 + Level 3.6 Spellcasting
 + Level 2.0 Conjurations
 + Level 3.7 Fire Magic


You had 6 spell levels left.
You knew the following spells:

 Your Spells              Type           Power        Failure   Level  Hunger
a - Flame Tongue          Conj/Fire      ##...        4%          1    None


Dungeon Overview and Level Annotations

Branches:
Dungeon (1/1)

Altars:


Message History

Welcome, theanonym the Deep Elf Fire Elementalist.
Found a staircase leading out of the dungeon.
Unknown command.
Wield which item (- for none, * to show all)? (? for menu, Esc to quit)
Okay, then.
You open the door.
A rat, a goblin, 2 hobgoblins and a kobold come into view.
The kobold shouts!
The goblin shouts!
The hobgoblin shouts! x2
The kobold throws a stone.
The stone closely misses you.
Aim: a kobold The flame tongue hits the kobold.
You kill the kobold!
Health restored: 11 You now have 5/6 mp.
Aim: a hobgoblin, wielding a club The flame tongue hits the hobgoblin.
You kill the hobgoblin!
You now have 4/6 mp.
Aim: a rat The flame tongue hits the rat.
You kill the rat!
You now have 3/6 mp.
Aim: a goblin The flame tongue hits the goblin.
* * * LOW MAGIC WARNING * * *
You now have 2/6 mp.
Aim: a goblin (severely wounded)
The flame tongue hits the goblin.
You kill the goblin!
Your Dodging skill increases to level 3!
* * * LOW MAGIC WARNING * * *
You now have 1/7 mp.
Aim: a hobgoblin, wielding a club The flame tongue misses the hobgoblin.
* * * LOW MAGIC WARNING * * *
You now have 0/7 mp.
You don't have enough magic to cast that spell.
No previous command to re-do.
The hobgoblin closely misses you.
There is an open door to the Dungeon here.
You closely miss the hobgoblin. The hobgoblin hits you with a club.
You take 1 damage, and have 10/11 hp.
You hit the hobgoblin. The hobgoblin misses you.
You hit the hobgoblin but do no damage. You hit the hobgoblin but do no damage.
The hobgoblin closely misses you.
You hit the hobgoblin but do no damage.
The hobgoblin hits you but does no damage.
You hit the hobgoblin. The hobgoblin closely misses you.
You hit the hobgoblin.
You kill the hobgoblin!
Your Fighting skill increases to level 1!
Your Conjurations skill increases to level 2!
j - a club;
k - a club
Things that are here:
4 stones; a rat corpse
l - 4 stones Wield which item (- for none, * to show all)? (? for menu, Esc to quit)
j - a +0 club (weapon)
Drop what? 12/52 slots (_ for help) (? for menu, Esc to quit)
You drop a club.
You see here a goblin corpse.
Okay, then.
Unknown command.
Unknown command.
As you open the door, it creaks loudly!
An iguana, an adder, a scorpion, a gnoll shaman and a skeleton come into view.
The adder hisses angrily.
The iguana hisses angrily.
Aim: a scorpion The flame tongue hits the scorpion.
The gnoll shaman shouts!
* * * LOW MAGIC WARNING * * *
The scorpion misses you.
You now have 1/7 mp.
Aim: a scorpion (moderately wounded)
The flame tongue hits the scorpion.
* * * LOW MAGIC WARNING * * *
The scorpion misses you.
You now have 0/7 mp.
You don't have enough magic to cast that spell.
No previous command to re-do.
No previous command to re-do.
Health restored: 12 You closely miss the scorpion.
The scorpion misses you.
You hit the scorpion. The scorpion barely misses you. The scorpion stings you.
You take 1 damage, and have 11/12 hp.
You hit the scorpion but do no damage. The scorpion stings you!
Ouch! That really hurt!
* * * LOW HITPOINT WARNING * * *
You take 9 damage, and have 2/12 hp.
MASSIVE DAMAGE!!
You hit the scorpion.
The scorpion stings you but does no damage.
You hit the scorpion but do no damage. The scorpion stings you.
You die... ▓▓▓▓▓▓▓▓▓▓▓▓▓▓▓▓▓▓ ▓<...')†.@slZSg..+ ▓▓▓▓▓▓▓▓▓▓▓▓▓▓▓▓▓▓

You could see a gnoll shaman, a scorpion, an iguana, an adder and a bat skeleton.

Vanquished Creatures
  A goblin (D)
  2 hobgoblins (D)
  A kobold (D)
  A rat (D)
5 creatures vanquished.

Notes
Turn   | Place    | Note
-------+----------+-------------------------------------------
     0 | D        | theanonym the Deep Elf Fire Elementalist began the quest for the Orb.
     0 | D        | Reached XP level 1. HP: 10/10 MP: 6/6
     8 | D        | Reached skill level 3 in Dodging
    17 | D        | Reached skill level 1 in Fighting
    17 | D        | Reached skill level 2 in Conjurations
    27 | D        | Noticed a scorpion
    27 | D        | Noticed an iguana
    27 | D        | Noticed a gnoll shaman
    35 | D        | Slain by a scorpion

Vault maps used:
D:        linesprint

Skill      XL: |  1 |
---------------+----+-----
Dodging        | 3 |  3.1
Fighting       | 1 |  1.0
Conjurations   | 2 |  2.0
Stealth        | |  2.4
Spellcasting   | |  3.6
Fire Magic     | |  3.7

Action                   || total
-------------------------++-------
Melee: Unarmed           ||     7
       Club              ||     5
 Cast: Flame Tongue      ||     8
Armor: Robe              ||     1
Dodge: Dodged            ||     9

Table legend:
 A = Spawn XP
 B = Non-spawn XP
 C = Spawn XP percentage of total XP
 D = Spawn monster count
 E = Non-spawn monster count
 F = Spawn count percentage of total count
 G = Total turns spent on level
                    A         B        C        D         E        F      G
               +---------+---------+-------+---------+---------+-------+---------
         Total |       0 |       9 |   0.0 |       0 |       5 |   0.0 |    35
               +---------+---------+-------+---------+---------+-------+---------
             D |       0 |       9 |   0.0 |       0 |       5 |   0.0 |    35
               +---------+---------+-------+---------+---------+-------+---------
